 Dungeon Crawl Stone Soup version 0.27.1-33-g824d729ab1 (webtiles) character file.

Game seed: 9859240977108303054

26 SensoryNuts the Skirmisher (level 2, -2/24 HPs)
             Began as a Draconian Monk on Dec 6, 2021.
             Was a Priest of Hepliaklqana.
             Slain by a worm (9 damage)
             ... on level 2 of the Dungeon.
             The game lasted 00:01:36 (938 turns).

SensoryNuts the Skirmisher (Draconian Monk)          Turns: 938, Time: 00:01:37

Health: -2/24      AC:  4    Str: 13    XL:     2   Next: 89%
Magic:  2/2        EV: 12    Int: 10    God:    Hepliaklqana [***...]
Gold:   44         SH:  0    Dex: 13    Spells: 1/1 levels left

rFire    . . .     SeeInvis .   a - +0 mace
rCold    . . .     Faith    .   (no shield)
rNeg     . . .     Spirit   .   (armour unavailable)
rPois    .         Reflect  .   (helmet restricted)
rElec    .         Harm     .   (no cloak)
rCorr    .         Rampage  .   (no gloves)
Will     .....                  (no boots)
Stlth    +.........             (no amulet)
HPRegen  0.08/turn              (no ring)
MPRegen  0.08/turn              (no ring)

@: very slow
A: reduced essence, AC +4, unfitting armour, cold-blooded
a: Renounce Religion, Ancestor Life: Knight, Ancestor Life: Battlemage, Ancestor
Life: Hexer, Recall Ancestor, Ancestor Identity, Transference


You were on level 2 of the Dungeon.
You worshipped Hepliaklqana.
Hepliaklqana was most pleased with you.
You visited 1 branch of the dungeon, and saw 2 of its levels.

You collected 44 gold pieces.

Inventory:

Hand Weapons
 a - a +0 mace (weapon)
Armour
 b - a +2 hat
Scrolls
 d - a scroll of teleportation {unknown}
Potions
 c - 2 potions of haste {unknown}
 e - a potion of berserk rage {unknown}
 f - a potion of cancellation {unknown}
 g - a potion of curing {unknown}


   Skills:
 + Level 3.7 Fighting
 + Level 3.4 Maces & Flails
 + Level 3.0 Dodging
 + Level 2.0 Stealth


You had one spell level left.
You didn't know any spells.
Your spell library was empty.

Dungeon Overview and Level Annotations

Branches:
Dungeon (2/15)

Altars:
Hepliaklqana


Innate Abilities, Weirdness & Mutations

Your life essence is reduced to manifest your ancestor. (-10% HP)
Your plain brown scales are hard. (AC +4)
You cannot fit into any form of body armour.
You are cold-blooded and may be slowed by cold attacks.


Message History

You kill the kobold!
You hear a splash.
The adder barely misses you. The adder bites you but does no damage.
Your Stealth skill increases to level 2!
You hit the worm.
The worm is moderately wounded.
The adder barely misses you.
You barely miss the worm.
Your tail-slap misses the worm.
The worm is moderately wounded.
The adder bites you but does no damage. x2; The worm barely misses you.
You barely miss the worm.
Your tail-slap misses the worm.
The worm is moderately wounded.
The adder misses you. The adder barely misses you.
You hit the worm.
You tail-slap the worm, but do no damage.
The worm is moderately wounded.
The adder bites you. The worm bites you.
You hit the worm. You tail-slap the worm.
The worm is heavily wounded.
The adder misses you. The rat barely misses you. The worm bites you.
The adder bites you.
You hit the worm.
Your tail-slap misses the worm.
The worm is heavily wounded.
The adder barely misses you. The rat closely misses you.
The worm closely misses you.
You sock the rat!
You kill the rat!
The adder bites you. x2
* * * LOW HITPOINT WARNING * * *
The worm splashes around in the water.
You see here a rat corpse.
The adder bites you but does no damage.
You enter the shallow water.
Moving in this stuff is going to be slow.
The adder misses you. The adder barely misses you. The worm closely misses you.
The adder bites you but does no damage.
Your unstable footing causes you to fumble your attack.
The adder barely misses you.
The worm splashes around in the water.
The adder closely misses you. The adder barely misses you. The worm bites you!
You die...

##...♣♣≈≈≈#
#≈♣.♣≈≈≈P≈P
###♣≈≈.≈≈≈≈≈≈≈
.≈≈≈≈.≈≈wP≈≈≈
♣♣≈≈≈.≈≈≈≈PP≈
♣≈≈≈≈?≈≈≈≈≈≈♣
♣♣≈≈≈≈.≈≈≈≈≈≈♣
♣≈≈P≈S.≈≈≈♣
♣♣♣≈≈≈@w†P≈≈♣
♣≈≈≈≈≈≈).≈≈♣♣
♣♣P≈≈≈≈≈≈.≈≈♣
≈≈≈≈≈≈≈≈≈.≈≈♣♣
#♣≈≈≈≈≈≈≈.≈≈≈♣♣♣≈
#♣≈≈≈≈≈≈.≈PP≈≈P≈
#♣≈≈≈≈≈.≈≈P≈≈P≈
#≈≈≈≈≈.≈≈≈≈≈≈≈
##≈≈P.........


You could see 2 worms and an adder.

Vanquished Creatures
  A dart slug (D:1)
  4 endoplasms (D:1)
  A giant cockroach (D:1)
  3 goblins (D:1)
  A hobgoblin (D:1)
  A kobold (D:2)
  3 ball pythons (D:1)
  2 bats (D:1)
  2 rats
18 creatures vanquished.

Vanquished Creatures (collateral kills)
  2 hobgoblins (D:1)
  A goblin (D:1)
  A rat (D:1)
4 creatures vanquished.

Vanquished Creatures (others)
  An ancestor (D:2)
  2 plants (D:2)
3 creatures vanquished.

Grand Total: 25 creatures vanquished

Notes
Turn   | Place    | Note
-------+----------+-------------------------------------------
     0 | D:1      | SensoryNuts the Draconian Monk began the quest for the Orb.
     0 | D:1      | Reached XP level 1. HP: 19/19 MP: 1/1
   257 | D:1      | Reached XP level 2. HP: 26/26 MP: 2/2
   476 | D:1      | Found a faded altar of an unknown god.
   498 | D:1      | Became a worshipper of Hepliaklqana the Forgotten
   498 | D:1      | Reached * piety under Hepliaklqana
   498 | D:1      | Reached ** piety under Hepliaklqana
   907 | D:2      | Reached *** piety under Hepliaklqana
   938 | D:2      | Slain by a worm

Illustrated notes

Levels and vault maps discovered:
D:1:      lemuel_arrival_lava_pool, layout_basic,
          shapermc_ecumenical_altar_mp_vishouse
D:2:      layout_loops_ring, minmay_misc_feat_tower, minmay_strange_pillars,
          serial_bayou_lagoon_b, uniq_sigmund

Skill      XL: |  1  2 |
---------------+-------+-----
Dodging        | 3 |  3.0
Stealth        | 2 |  2.0
Fighting       | |  3.7
Maces & Flails | |  3.4

Action                   || total
-------------------------++-------
Melee: Mace              ||    59
       Tailslap          ||     7
 Stab: Sleeping          ||     4
Armor: Skin              ||    28
Dodge: Dodged            ||    81
